[Event "7th Llucmajor Open 2018"]
[Site "S'Arenal de Llucmajor"]
[Date "2018.05.15"]
[Round "4"]
[White "Gorny, Michael"]
[Black "Mikalsen, Erlend"]
[Result "0-1"]
[ECO "A47"]
[WhiteElo "2080"]
[BlackElo "2307"]
[Annotator "ChessBase"]
[PlyCount "52"]
[EventDate "2018.??.??"]
[EventType "swiss"]
[EventCountry "ESP"]
[SourceTitle "playchess.com"]
[Source "ChessBase"]
[SourceQuality "1"]
[TimeControl "5400+30"]

1. d4 Nf6 2. Nf3 b6 3. Bf4 Bb7 4. e3 Nh5 5. Bg5 h6 6. Bh4 g5 7. Ne5 Nf6 8. Bg3 d6 9. Nf3 Ne4 10. Nc3 Nxg3 11. hxg3 Bg7 12. e4 e6 13. Qd2 g4 14. Ng1 h5 15. f4 h4 16. O-O-O hxg3 17. Rxh8+ Bxh8 18. d5 Nd7 19. Bb5 Qh4 20. Nge2 O-O-O 21. Nd4 Bxd4 22. Qxd4 Kb8 23. Qa4 Nc5 24. Qa3 Qh6 25. Rf1 f5 26. exf5 exd5 0-1

[Event "7th Llucmajor Open 2018"]
[Site "S'Arenal de Llucmajor"]
[Date "2018.05.17"]
[Round "5"]
[White "Panelo, Marcelo"]
[Black "Paquico Rodriguez, Ivan"]
[Result "1-0"]
[ECO "A40"]
[WhiteElo "2370"]
[BlackElo "2231"]
[Annotator "NA"]
[PlyCount "103"]
[EventDate "2018.??.??"]
[EventType "swiss"]
[EventCountry "ESP"]
[SourceTitle "playchess.com"]
[Source "ChessBase"]
[SourceQuality "1"]
[TimeControl "5400+30"]

1. d4 g6 2. c4 Bg7 3. Nf3 d6 4. Nc3 e5 5. e4 Nc6 6. Bg5 f6 7. Be3 Nh6 8. c5 O-O 9. cxd6 cxd6 10. dxe5 dxe5 11. Bc4+ Kh8 12. Bc5 Re8 13. h3 Qa5 14. Be3 Qb4 15. Bb3 Na5 16. O-O Nxb3 17. axb3 Be6 18. Ra4 Qxb3 19. Qc1 b5 20. Nd2 Qxc3 21. Qxc3 bxa4 22. Qc6 a3 23. bxa3 Bf8 24. Rb1 Nf7 25. Rb7 Bxa3 26. Rxa7 Rac8 27. Rc7 Bd6 28. Rxc8 Rxc8 29. Qa6 Kg7 30. Nb3 Re8 31. Na5 Bd7 32. Nc4 Bf8 33. Qb7 Ba4 34. Nb6 Bb3 35. Qc6 Re6 36. Qb5 Ba2 37. Qb2 Rxb6 38. Qxb6 Bc4 39. Qc6 Ba2 40. h4 h5 41. g3 Bd6 42. Qd7 Bb3 43. f3 Bc4 44. Kf2 Bb3 45. g4 hxg4 46. fxg4 Bc2 47. Bh6+ Kg8 48. Qe8+ Kh7 49. Qxf7+ Kxh6 50. Qg8 Bc5+ 51. Kf3 g5 52. h5 1-0

[Event "7th Llucmajor Open 2018"]
[Site "S'Arenal de Llucmajor"]
[Date "2018.05.17"]
[Round "5"]
[White "Lazarte Anello, David Emiliano"]
[Black "Trias Ramos, Diego Jose"]
[Result "1-0"]
[ECO "C45"]
[WhiteElo "2080"]
[BlackElo "1590"]
[Annotator "NA"]
[PlyCount "85"]
[EventDate "2018.??.??"]
[EventType "swiss"]
[EventCountry "ESP"]
[SourceTitle "playchess.com"]
[Source "ChessBase"]
[SourceQuality "1"]
[TimeControl "5400+30"]

1. e4 e5 2. Nf3 Nc6 3. d4 exd4 4. Nxd4 Qf6 5. Be3 Bc5 6. c3 Nge7 7. Nc2 Bb6 8. Nd2 O-O 9. Bc4 d6 10. O-O Be6 11. f4 d5 12. Bxb6 axb6 13. e5 Qg6 14. Be2 f6 15. exf6 Rxf6 16. g3 Raf8 17. Bh5 Qh6 18. Qe2 Bh3 19. Rf2 Re6 20. Qd1 Qf6 21. Nf3 h6 22. Nfd4 Nxd4 23. Nxd4 Rd6 24. Bf3 Bd7 25. Qd3 Nf5 26. Nb5 Bxb5 27. Qxb5 Qd8 28. Re1 c6 29. Qb3 Kh8 30. Rfe2 d4 31. Be4 dxc3 32. Bxf5 Rd2 33. Bg4 c2 34. Qc3 Rxe2 35. Bxe2 Qd5 36. Bf3 Qxa2 37. Qxc2 Qa5 38. Re7 Qa7 39. Qc3 b5+ 40. Kg2 Rg8 41. Bxc6 Qa4 42. Bd5 b4 43. Qb3 1-0

[Event "7th Llucmajor Open 2018"]
[Site "S'Arenal de Llucmajor"]
[Date "2018.05.17"]
[Round "6"]
[White "Kumar, Naman"]
[Black "Lillo Castany, Victor"]
[Result "0-1"]
[ECO "B56"]
[WhiteElo "2052"]
[BlackElo "2349"]
[Annotator "NA"]
[PlyCount "58"]
[EventDate "2018.??.??"]
[EventType "swiss"]
[EventCountry "ESP"]
[SourceTitle "playchess.com"]
[Source "ChessBase"]
[SourceQuality "1"]
[TimeControl "5400+30"]

1. e4 c5 2. Nf3 d6 3. d4 Nf6 4. Nc3 cxd4 5. Nxd4 Nc6 6. f3 e5 7. Nb3 Be7 8. Be3 O-O 9. Qd2 a5 10. Na4 {B56: Classical Sicilian: Unusual Lines} (10. Bb5 Be6 11. O-O Na7 12. Be2 Nc8 13. Bb5 Na7 14. Be2 Nc8 15. Bb5 {½-½ (15) Carlsen,M (2840)-Grischuk,A (2737) Doha 2016}) 10... Be6 11. Nb6 Rb8 12. O-O-O Qc7 13. g4 $146 ({Predecessor:} 13. Kb1 Rfd8 14. c4 a4 15. Nxa4 Nd7 16. Nc3 Nc5 17. Nxc5 dxc5 {0-1 (34) Baisynov,I (1986)-Pak,Y (2401) Cholpon Ata 2016}) 13... Rfd8 14. g5 Nd7 15. Nd5 Bxd5 16. exd5 a4 17. Na1 Na5 18. Qb4 {[#]} b5 $17 19. Bxb5 Nc5 20. c4 Rxb5 21. Qxb5 Rb8 22. Qxb8+ Qxb8 23. Bxc5 dxc5 24. h4 Nxc4 25. Rh2 e4 26. Rf2 Qg3 27. Re2 Qxf3 28. Rde1 Qf4+ 29. Kb1 Qxh4 0-1